 Dungeon Crawl Stone Soup version 0.26.1-10-gdfb7c7de75 (webtiles) character file.

Game seed: 5371292784462356499

668 tardwrangler69 the Chopper (level 7, -5/62 HPs)
             Began as a Minotaur Fighter on Apr 3, 2021.
             Killed by divine providence
             ... invoked by an orc priest
              (11 damage)
             ... on level 4 of the Dungeon.
             The game lasted 00:03:23 (3794 turns).

tardwrangler69 the Chopper (Minotaur Fighter)       Turns: 3794, Time: 00:03:24

Health: -5/62      AC:  8    Str: 22    XL:     7   Next: 32%
Magic:  6/6        EV:  9    Int:  5    God:
Gold:   185        SH: 14    Dex: 10    Spells: 6/6 levels left

rFire    . . .     SeeInvis .   a - +0 war axe
rCold    . . .     Faith    .   c - +0 kite shield
rNeg     . . .     Spirit   .   b - +0 scale mail
rPois    .         Reflect  +   (helmet restricted)
rElec    .         Harm     .   (no cloak)
rCorr    .         Rampage  .   u - -2 pair of gloves (curse)
Will     .....                  w - +0 pair of boots
Stlth    ..........             f - amulet of reflection
HPRegen  0.20/turn              (no ring)
MPRegen  0.10/turn              (no ring)

@: no status effects
A: retaliatory headbutt, horns 2
a: no special abilities


You were on level 4 of the Dungeon.
You visited 1 branch of the dungeon, and saw 4 of its levels.

You collected 185 gold pieces.

Inventory:

Hand Weapons
 a - a +0 war axe (weapon)
 o - a +4 vampiric hand axe
Armour
 b - a +0 scale mail (worn)
 c - a +0 kite shield (worn)
 k - a +0 pair of gloves
 u - a cursed -2 pair of gloves (worn)
 w - a +0 pair of boots (worn)
Jewellery
 f - an amulet of reflection (around neck)
Wands
 p - a wand of polymorph (3)
Scrolls
 e - 8 scrolls of identify {unknown}
 g - 2 scrolls of enchant armour {unknown}
 j - 2 scrolls of teleportation {unknown}
 s - a scroll of remove curse {unknown}
 v - a scroll of magic mapping {unknown}
 x - a scroll of fear {unknown}
Potions
 d - a potion of might
 h - a potion of haste {unknown}
 i - a potion of lignification
 l - a potion of magic
 m - 2 potions of curing {unknown}
 n - a potion of mutation {unknown}
 q - a potion of brilliance
 r - a potion of heal wounds {unknown}
 t - a potion of resistance {unknown}


   Skills:
 + Level 5.6 Fighting
 * Level 6.4 Axes
 + Level 5.6 Armour
 + Level 3.6 Dodging
 - Level 3.6 Shields


You had 6 spell levels left.
You didn't know any spells.
Your spell library was empty.

Dungeon Overview and Level Annotations

Branches:
Dungeon (4/15)
 Temple: D:4-7

Altars:
Cheibriados
Elyvilon
Fedhas
Makhleb
Qazlal
Ru

Annotations:
D:3 exclusion: oklob plant


Innate Abilities, Weirdness & Mutations

You reflexively headbutt those who attack you in melee.
You have a pair of horns on your head.


Message History

You are too injured to fight recklessly!
You are too injured to fight recklessly!
You are too injured to fight recklessly!
You are too injured to fight recklessly!
You are too injured to fight recklessly!
You are too injured to fight recklessly!
You are too injured to fight recklessly!
Things that are here:
a +0 trident; an orc corpse The orc priest invokes the aid of Beogh against you.
Beogh smites you!
* * * LOW HITPOINT WARNING * * *
There is a stone staircase leading down here.
The orc priest calls down the wrath of Beogh upon you.
Pain shoots through your body!
* * * LOW HITPOINT WARNING * * *
The orc priest miscasts a cantrip.
The orc priest invokes the aid of Beogh against you.
Beogh smites you!
You die...

.....# ...#######o#$#......####
..#..# #.#............ ...._#
#..####.....##. ..#..# ####
##o##.........$ .....# ....#
#.>...>.....## #######
#..#######....(.#... ......###
#...#####o.....>..#
...#....#########....oo........##
...#.##.....<...@.#####.....#....
.###.##........#### #####.......
## #.##........#######......###..
####.###...............####.# .#
#(..# #>.....#############.#..
#.### #......##########......#
#.# #.................# .## #.#
###...########....# .# #.#
##.#..#######.##......


You could see 2 orc priests and an orc.

Vanquished Creatures
  Grinder (D:4)
  Sigmund (D:2)
  A water moccasin (D:3)
  A hound (D:4)
  A worker ant (D:4)
  Robin (D:2)
  2 adders
  An ooze (D:2)
  4 worms
  A dart slug (D:2)
  A leopard gecko (D:2)
  7 orcs
  5 giant cockroaches
  18 goblins
  7 hobgoblins
  6 jackals
  5 quokkas
  3 ball pythons
  3 bats
  2 frilled lizards
  10 kobolds
  10 rats
91 creatures vanquished.

Vanquished Creatures (others)
  27 plants (D:1)
27 creatures vanquished.

Grand Total: 118 creatures vanquished

Notes
Turn   | Place    | Note
-------+----------+-------------------------------------------
     0 | D:1      | tardwrangler69 the Minotaur Fighter began the quest for the
                  | Orb.
     0 | D:1      | Reached XP level 1. HP: 19/19 MP: 0/0
   150 | D:1      | Reached XP level 2. HP: 26/27 MP: 1/1
   258 | D:1      | Reached skill level 3 in Axes
   578 | D:1      | Reached skill level 1 in Dodging
   795 | D:2      | Noticed Robin
   800 | D:2      | Reached XP level 3. HP: 33/33 MP: 2/2
   805 | D:2      | Killed Robin
   892 | D:2      | Found a burning altar of Makhleb.
  1221 | D:2      | Found a sacrificial altar of Ru.
  1221 | D:2      | Found a snail-covered altar of Cheibriados.
  1221 | D:2      | Found a stormy altar of Qazlal.
  1281 | D:2      | Reached XP level 4. HP: 39/40 MP: 3/3
  1347 | D:2      | Noticed Sigmund
  1368 | D:2      | Reached skill level 4 in Axes
  1371 | D:2      | HP: 2/40 [something (4)]
  1372 | D:2      | Killed Sigmund
  1373 | D:2      | Reached skill level 5 in Axes
  1373 | D:2      | Reached XP level 5. HP: 2/47 MP: 4/4
  2107 | D:3      | Reached XP level 6. HP: 54/55 MP: 5/5
  2372 | D:3      | Noticed a water moccasin
  2394 | D:3      | Killed a water moccasin
  2395 | D:3      | Reached skill level 5 in Fighting
  2395 | D:3      | Reached skill level 5 in Armour
  2877 | D:3      | Found a blossoming altar of Fedhas.
  2889 | D:3      | Noticed an oklob plant
  3552 | D:4      | Noticed Grinder
  3561 | D:4      | Killed Grinder
  3562 | D:4      | Reached skill level 6 in Axes
  3562 | D:4      | Reached XP level 7. HP: 54/61 MP: 6/6
  3643 | D:4      | Found a white marble altar of Elyvilon.
  3794 | D:4      | Killed from afar by an orc priest

Illustrated notes

Levels and vault maps discovered:
D:1:      wander_arrival_estate, layout_basic, serial_forest,
          infiniplex_forest_clump_medium, infiniplex_forest_clump_long,
          infiniplex_forest_straight_3, infiniplex_forest_clump_large,
          infiniplex_forest_lined_room_2, infiniplex_forest_clump_small,
          infiniplex_forest_clump_cross, infiniplex_forest_clump_medium,
          serial_bayou_lagoon_a
D:2:      layout_basic, gammafunk_temple_overflow_forgotten,
          lightli_temple_of_fire, uniq_robin, uniq_sigmund
D:3:      layout_loops_ring, tgw_fedhas
D:4:      layout_rooms, lemuel_coloured_pillars_altar, uniq_crazy_yiuf_cottage,
          uniq_grinder, uniq_duvessa

Skill      XL: |  1  2  3  4  5  6 |
---------------+-------------------+-----
Axes           | 3 5 6 |  6.4
Dodging        | 1 2 3 |  3.6
Armour         | 4 5 |  5.6
Fighting       | 4 5 |  5.6
Shields        | |  3.6

Action                   |  1- 3 |  4- 6 |  7- 9 || total
-------------------------+-------+-------+-------++-------
Melee: War axe           |    81 |   114 |     9 ||   204
       Headbutt          |     7 |    18 |     1 ||    26
  Use: Potion            |       |     3 |       ||     3
Armor: Scale mail        |    23 |    34 |     3 ||    60
       Skin              |     2 |     3 |       ||     5
Dodge: Dodged            |    23 |    26 |     3 ||    52
Block: Kite shield       |    65 |    88 |     5 ||   158
       Reflection        |     2 |     3 |       ||     5
